 Dungeon Sprint DCSS version 0.26-a0-660-gc07710193c (webtiles) character file.

Game seed: 11603418213056844230

62 sahdkjhfkaj the Insei (level 4, 0/42 HPs)
             Began as a Gnoll Transmuter on Oct 6, 2020.
             Was an Initiate of Gozag.
             Slain by a two-headed ogre
             ... wielding a +0 giant club
              (21 damage)
             ... in the Dungeon (Sprint IX: "|||||||||||||||||||||||||||||").
             The game lasted 00:00:48 (369 turns).

sahdkjhfkaj the Insei (Gnoll Transmuter)             Turns: 369, Time: 00:00:48

Health: 0/42       AC:  7    Str: 13    XL:     4   Next: 8%
Magic:  6/11       EV: 15    Int: 15    God:    Gozag
Gold:   0          SH:  0    Dex: 16    Spells: 7/14 levels left

rFire    x . .     SeeInvis .     - Unarmed
rCold    + + +     Faith    .   (shield currently unavailable)
rNeg     . . .     Spirit   .   (armour currently unavailable)
rPois    +         Reflect  .   (helmet currently unavailable)
rElec    .         Harm     .   (cloak currently unavailable)
rCorr    .         Rampage  .   (gloves currently unavailable)
MR       .....     NoTele   +   (boots currently unavailable)
Stlth    ++........             (no amulet)
HPRegen  0.14/turn              m - +2 ring of evasion
MPRegen  0.12/turn              n - +2 ring of protection

@: ice-form, wereblooded
A: large, distributed training, strong nose
a: End Transformation, Potion Petition, Call Merchant, Bribe Branch, Renounce
Religion


You were in the Dungeon.
You worshipped Gozag.
Gozag was noncommittal.
You were a creature of crystalline ice.
You visited 1 branch

Inventory:

Armour
 a - a +0 robe (melded)
 l - a +0 helmet (melded)
Jewellery
 m - a +2 ring of evasion (left front paw)
 n - a +2 ring of protection (right front paw)
Wands
 k - a wand of iceblast (10)
Scrolls
 h - 2 scrolls of blinking
 i - 3 scrolls of remove curse
 j - 2 scrolls of amnesia
Potions
 b - a potion of invisibility
 c - 5 potions of curing
 d - 2 potions of heal wounds
 e - a potion of haste
 f - 4 potions of magic
 g - a potion of berserk rage


   Skills:
 + Level 3.5 Fighting
 + Level 2.4 Short Blades
 + Level 2.4 Long Blades
 + Level 2.4 Axes
 + Level 2.4 Maces & Flails
 + Level 2.4 Polearms
 + Level 2.4 Staves
 + Level 2.4 Slings
 + Level 2.4 Bows
 + Level 2.4 Crossbows
 + Level 2.4 Throwing
 + Level 2.4 Armour
 + Level 5.2 Dodging
 + Level 2.4 Stealth
 + Level 2.4 Shields
 + Level 7.0 Unarmed Combat
 + Level 5.6 Spellcasting
 + Level 2.0 Conjurations
 + Level 2.0 Hexes
 + Level 2.0 Summonings
 + Level 2.0 Necromancy
 + Level 2.0 Translocations
 + Level 4.3 Transmutations
 + Level 2.0 Fire Magic
 + Level 2.0 Ice Magic
 + Level 2.0 Air Magic
 + Level 2.0 Earth Magic
 + Level 2.0 Poison Magic
 + Level 2.6 Invocations
 + Level 2.4 Evocations


You had 7 spell levels left.
You knew the following spells:

 Your Spells              Type           Power        Failure   Level
a - Beastly Appendage     Tmut           ###...       2%          1
F - Ice Form              Ice/Tmut       ##......     38%         4
W - Wereblood             Tmut           ###.....     4%          2

Your spell library contained the following spells:

 Spells                   Type           Power        Failure   Level
 Spider Form              Tmut/Pois      ##........   13%         3
 Blade Hands              Tmut           ###.......   58%         5


Dungeon Overview and Level Annotations

Branches:
Dungeon (1/1)

Altars:
Cheibriados
Dithmenos
Elyvilon
Fedhas
Gozag
Hepliaklqana
Kikubaaqudgha
Makhleb
Nemelex Xobeh
Okawaru
Qazlal
Ru
Sif Muna
Trog
Uskayaw
Vehumet
Wu Jian
Xom
Yredelemnul
Zin
The Shining One
Beogh
Jiyva
Lugonu


Innate Abilities, Weirdness & Mutations

Your experience applies equally to all skills.
((You have very sharp teeth.))
Your uncanny sense of smell can sniff out nearby items.


Message History

* * * LOW HITPOINT WARNING * * *
Unknown command.
Unknown command.
Unknown command.
Unknown command.
Unknown command.
Unknown command.
You feel much better. The two-headed ogre closely misses you.
The two-headed ogre hits you but does no damage.
Unknown command.
You punch the two-headed ogre! You freeze the two-headed ogre.
The two-headed ogre is almost dead.
Unknown command.
You hit the two-headed ogre but do no damage.
The two-headed ogre is almost dead.
The two-headed ogre hits you with a +0 giant club!
The two-headed ogre hits you with a +0 dire flail!!
Ouch! That really hurt!
You die...
Your body crumbles into a pile of gold.

▓▓▓▓▓▓▓▓▓▓▓▓▓▓▓▓▓▓▓▓▓▓▓▓
_______'..)..[[.YOozJBZ.
▓▓▓▓▓▓▓▓▓▓▓▓▓▓▓▓▓▓▓▓▓▓▓▓
∆∆∆∆ $ ∆


$$$$$$ $$$$$ $ $ $ $$$$$ You could see a two-headed ogre, a jelly, a worker ant,
a wight, an orc and an adder zombie.

Vanquished Creatures
  An iguana (D)
  A worker ant (D)
  An ooze (D)
  A bat skeleton (D)
  A giant cockroach (D)
  A goblin (D)
  A hobgoblin (D)
  A jackal (D)
  A kobold (D)
  A bat (D)
10 creatures vanquished.

Notes
Turn   | Place    | Note
-------+----------+-------------------------------------------
     0 | D        | sahdkjhfkaj the Gnoll Transmuter began the quest for the
                  | Orb.
     0 | D        | Reached XP level 1. HP: 17/17 MP: 6/6
    13 | D        | Reached skill level 5 in Spellcasting
    13 | D        | Reached skill level 1 in Invocations
    17 | D        | Reached skill level 1 in Short Blades
    17 | D        | Reached skill level 1 in Long Blades
    17 | D        | Reached skill level 1 in Axes
    17 | D        | Reached skill level 1 in Maces & Flails
    17 | D        | Reached skill level 1 in Polearms
    17 | D        | Reached skill level 1 in Staves
    17 | D        | Reached skill level 1 in Slings
    17 | D        | Reached skill level 1 in Bows
    17 | D        | Reached skill level 1 in Crossbows
    17 | D        | Reached skill level 1 in Throwing
    17 | D        | Reached skill level 1 in Armour
    17 | D        | Reached skill level 1 in Stealth
    17 | D        | Reached skill level 1 in Shields
    17 | D        | Reached skill level 1 in Evocations
    84 | D        | Noticed an iguana
    84 | D        | Noticed a worker ant
    91 | D        | Killed an iguana
    91 | D        | Reached skill level 1 in Conjurations
    91 | D        | Reached skill level 1 in Hexes
    91 | D        | Reached skill level 1 in Summonings
    91 | D        | Reached skill level 1 in Necromancy
    91 | D        | Reached skill level 1 in Translocations
    91 | D        | Reached skill level 1 in Fire Magic
    91 | D        | Reached skill level 1 in Ice Magic
    91 | D        | Reached skill level 1 in Air Magic
    91 | D        | Reached skill level 1 in Earth Magic
    91 | D        | Reached skill level 1 in Poison Magic
    91 | D        | Reached XP level 2. HP: 23/24 MP: 6/8
    91 | D        | Reached XP level 3. HP: 28/29 MP: 6/9
    92 | D        | Reached skill level 5 in Dodging
    98 | D        | Reached skill level 7 in Unarmed Combat
    98 | D        | Reached XP level 4. HP: 34/35 MP: 7/11
   106 | D        | Found a roughly hewn altar of Beogh.
   106 | D        | Found a snail-covered altar of Cheibriados.
   106 | D        | Found a shadowy altar of Dithmenos.
   106 | D        | Found a white marble altar of Elyvilon.
   106 | D        | Found a blossoming altar of Fedhas.
   106 | D        | Found an opulent altar of Gozag.
   107 | D        | Found a hazy altar of Hepliaklqana.
   108 | D        | Found a viscous altar of Jiyva.
   109 | D        | Found an ancient bone altar of Kikubaaqudgha.
   110 | D        | Found a corrupted altar of Lugonu.
   111 | D        | Found a burning altar of Makhleb.
   112 | D        | Found a sparkling altar of Nemelex Xobeh.
   113 | D        | Found an iron altar of Okawaru.
   114 | D        | Found a stormy altar of Qazlal.
   115 | D        | Found a sacrificial altar of Ru.
   116 | D        | Found a shimmering blue altar of Sif Muna.
   117 | D        | Found a bloodstained altar of Trog.
   122 | D        | Became a worshipper of Gozag Ym Sagoz the Greedy
   127 | D        | Found a hide-covered altar of Uskayaw.
   128 | D        | Found a radiant altar of Vehumet.
   129 | D        | Found an ornate altar of the Wu Jian Council.
   130 | D        | Found a shimmering altar of Xom.
   131 | D        | Found a basalt altar of Yredelemnul.
   132 | D        | Found a glowing silver altar of Zin.
   133 | D        | Found a glowing golden altar of the Shining One.
   168 | D        | Learned a level 4 spell: Ice Form
   171 | D        | Learned a level 2 spell: Wereblood
   364 | D        | Noticed a two-headed ogre
   369 | D        | Slain by a two-headed ogre

Illustrated notes

Levels and vault maps discovered:
D:        linesprint [early_d, line_temple, items_1, d_10, items_2, lair_1,
          lair_end, items_3, orc_1, orc_end, items_4, d_15, swamp_1, shoals_1,
          snake_1, spider_1, d_20, vaults_1, items_5, swamp_end, shoals_end,
          snake_end, spider_end, vaults_end, d_27, items_6, zot_1, zot_end,
          crypt_end, forest_end, elf_end, slime_end, tomb_end, abyss_end,
          pan_hell_end]

Skill      XL: |  1  2  3  4 |
---------------+-------------+-----
Spellcasting   | 5 |  5.6
Invocations    | 2 |  2.6
Short Blades   | 1 2 |  2.4
Long Blades    | 1 2 |  2.4
Axes           | 1 2 |  2.4
Maces & Flails | 1 2 |  2.4
Polearms       | 1 2 |  2.4
Staves         | 1 2 |  2.4
Slings         | 1 2 |  2.4
Bows           | 1 2 |  2.4
Crossbows      | 1 2 |  2.4
Throwing       | 1 2 |  2.4
Armour         | 1 2 |  2.4
Stealth        | 1 2 |  2.4
Shields        | 1 2 |  2.4
Evocations     | 1 2 |  2.4
Fighting       | 3 |  3.5
Conjurations   | 1 2 |  2.0
Hexes          | 1 2 |  2.0
Summonings     | 1 2 |  2.0
Necromancy     | 1 2 |  2.0
Translocations | 1 2 |  2.0
Transmutations | 4 |  4.3
Fire Magic     | 1 2 |  2.0
Ice Magic      | 1 2 |  2.0
Air Magic      | 1 2 |  2.0
Earth Magic    | 1 2 |  2.0
Poison Magic   | 1 2 |  2.0
Dodging        | 5 |  5.2
Unarmed Combat | 7 |  7.0

Action                   |  1- 3 |  4- 6 || total
-------------------------+-------+-------++-------
Melee: Unarmed           |    25 |     6 ||    31
       Kick              |     4 |     1 ||     5
       Headbutt          |     3 |       ||     3
       Bite              |     1 |       ||     1
 Cast: Beastly Appendage |     1 |       ||     1
       Wereblood         |       |     2 ||     2
       Ice Form          |       |     1 ||     1
  Use: Potion            |       |     1 ||     1
 Stab: Sleeping          |     1 |       ||     1
Armor: Robe              |     5 |       ||     5
       Skin              |       |     1 ||     1
Dodge: Dodged            |    13 |     2 ||    15

Table legend: (Time is in decaauts)
 A = Elapsed time spent in this place.
 B = Non-inter-level travel time spent in this place.
 C = Inter-level travel time spent in this place.
 D = Time resting spent in this place.
 E = Time spent auto-exploring this place.
 F = Levels seen in this place.
 G = Mean time per level.
                   A        B        C        D        E       F      G
               +--------+--------+--------+--------+--------+-----+--------+
         Total |    364 |    364 |      0 |    181 |     67 |   1 |  364.0 |
       Dungeon |    364 |    364 |      0 |    181 |     67 |   1 |  364.0 |
               +--------+--------+--------+--------+--------+-----+--------+

Top non-repeatable levels by time:
       D: 364 daAuts
